AoeStats
← felip3.diaz

Black Forest

509764716Analyzed
3v3 RM · 3d ago on Sep 27, 2026· 51m 55s· 6 players
Game mode
Random Map
Map size
Normal (6 player)
Population
200
Speed
Normal
Resources
Standard
Victory
Conquest
Starting age
Dark Age
Ending age
Imperial Age
RankedLock teamsTeams togetherTeam positionsShared explorationLock speedFull tech treeHidden civsTurbo modeCheats
Victory
Defeat
🇨🇦 Vietnamese · Canada
988
+13
🇨🇦 Georgians · Canada
964
+14
🇨🇦 Japanese · Canada
890
+18
🇨🇴 Khmer · Colombia
951
-16
🇨🇴 Byzantines · Colombia
941
-16
🇪🇸 Franks · Spain
879
-13
juandaosp12
1:26 Loom
10:48 Feudal Age
15:03 Castle Age
13:42 Double-Bit Axe
16:21 Wheelbarrow
15:51 Horse Collar
17:44 Heavy Plow
18:01 Bow Saw
32:20 Imperial Age
30:07 Hand Cart
30:28 Gold Mining
30:28 Stone Mining
30:41 Heavy Plow
31:13 Scale Barding Armor
31:18 Forging
32:52 Gold Shaft Mining
32:52 Stone Shaft Mining
33:01 Bloodlines
32:52 Husbandry
32:31 Elite Ballista Elephant
34:24 Light Cavalry
36:40 Chemistry
36:01 Ballistics
37:06 Hoardings
36:44 Masonry
37:52 Siege Engineers
42:19 Double Crossbow
42:07 Hussar
felip3.diaz
1:08 Loom
12:30 Feudal Age
18:35 Castle Age
24:32 Thumb Ring
29:40 Fishing Lines
32:01 Crossbowman
34:56 Fortified Wall
35:08 Ballistics
40:20 Imperial Age
37:53 Greek Fire
39:45 Wheelbarrow
40:09 Caravan
42:01 Chemistry
42:59 Conscription
42:15 Arbalester
44:05 Fletching
44:15 Padded Archer Armor
sebastianmedina9725
0:26 Loom
11:07 Feudal Age
11:52 Double-Bit Axe
14:04 Gold Mining
14:05 Stone Mining
21:07 Castle Age
22:12 Husbandry
21:33 Light Cavalry
34:10 Imperial Age
32:33 Ordonnance Companies
34:47 Gold Shaft Mining
34:31 Bow Saw
35:12 Ballistics
36:08 Chemistry
37:04 Chivalry
36:42 Cavalier
42:38 Paladin
48:26 Scale Barding Armor
48:22 Scale Mail Armor
48:32 Forging
48:13 Fletching
48:24 Padded Archer Armor
52:21 Chain Mail Armor
Chemo-Sabi
8:01 Loom
8:54 Loom
13:45 Feudal Age
13:52 Man-at-Arms
14:20 Double-Bit Axe
14:20 Horse Collar
14:45 Town Watch
16:50 Arson
20:02 Wheelbarrow
21:48 Forging
21:29 Fletching
24:59 Castle Age
24:27 Scale Mail Armor
25:09 Gold Mining
25:10 Stone Mining
25:50 Bow Saw
25:41 Heavy Plow
26:28 Town Patrol
29:27 Caravan
30:36 Murder Holes
30:17 Pikeman
30:44 Gambesons
31:21 Squires
32:10 Ballistics
32:25 Long Swordsman
34:49 Hand Cart
35:09 Bodkin Arrow
35:08 Treadmill Crane
38:48 Imperial Age
36:55 Yasama
37:57 Gold Shaft Mining
37:48 Guard Tower
38:09 Masonry
38:14 Fortified Wall
39:28 Chain Mail Armor
39:59 Kataparuto
40:00 Conscription
40:59 Hoardings
41:45 Chemistry
41:23 Arrowslits
42:25 Elite Samurai
43:58 Iron Casting
44:39 Siege Engineers
45:10 Keep
44:11 Halberdier
45:03 Two-Handed Swordsman
46:52 Bracer
47:53 Blast Furnace
48:30 Champion
52:10 Two-Man Saw
banana
11:42 Feudal Age
10:14 Loom
13:41 Double-Bit Axe
13:59 Horse Collar
19:22 Castle Age
19:04 Forging
20:30 Bow Saw
21:21 Stone Mining
22:46 Gold Mining
27:48 Heavy Plow
27:47 Fletching
28:33 Iron Casting
28:38 Guard Tower
28:47 Murder Holes
29:56 Ballistics
29:25 Town Watch
30:03 Caravan
30:48 Masonry
31:36 Bodkin Arrow
35:28 Imperial Age
33:33 Wheelbarrow
33:33 Svan Towers
35:09 Hand Cart
36:45 Conscription
37:04 Hoardings
37:07 Keep
36:18 Arrowslits
37:04 Architecture
37:57 Chemistry
39:13 Stone Shaft Mining
38:57 Siege Engineers
38:42 Elite Monaspa
39:58 Scale Barding Armor
42:21 Blast Furnace
41:42 Chain Barding Armor
41:23 Bracer
41:36 Aznauri Cavalry
43:46 Crop Rotation
45:29 Plate Barding Armor
Hayah
9:21 Loom
11:51 Feudal Age
12:48 Horse Collar
12:53 Double-Bit Axe
12:51 Fishing Lines
19:24 Castle Age
19:29 Wheelbarrow
18:51 Town Watch
20:17 Bow Saw
20:22 Heavy Plow
21:40 Fletching
22:12 Gold Mining
25:22 Gillnets
25:54 Caravan
26:23 Bodkin Arrow
28:56 Fortified Wall
28:42 Murder Holes
30:37 Stone Mining
33:41 Imperial Age
32:08 Padded Archer Armor
32:35 Bloodlines
32:26 Husbandry
33:31 Leather Archer Armor
33:16 Scale Mail Armor
33:27 Forging
33:23 Scale Barding Armor
35:22 Stone Shaft Mining
35:49 Two-Man Saw
35:24 Crop Rotation
35:18 Hand Cart
35:03 Town Patrol
35:11 Bracer
35:48 Block Printing
36:25 Sanctity
37:03 Ring Archer Armor
37:11 Paper Money
38:40 Chemistry
37:52 Masonry
37:50 Siege Engineers
40:08 Iron Casting
40:24 Elite Battle Elephant
42:43 Chatras
43:17 Chain Barding Armor
43:34 Hoardings
48:15 Illumination
47:58 Devotion
53:00 Plate Barding Armor
52:51 Ballistics
52:41 Masonry
52:17 Arrowslits
Connection lost

Rejoining the realm…

Still unreachable

The connection could not be restored.

Session expired

The server has moved on; the page needs a fresh start.